 Dungeon Crawl Stone Soup version 0.20.0 (webtiles) character file.

51634 Minorbread the Fencer (level 14, -12/129 HPs)
             Began as a Hill Orc Fighter on June 19, 2017.
             Was the Champion of Okawaru.
             Mangled by an orc warrior
             ... wielding a +0 trident
             ... led by an orc warlord
              (21 damage)
             ... on level 1 of the Orcish Mines.
             The game lasted 00:50:56 (23871 turns).

Minorbread the Fencer (Hill Orc Fighter)           Turns: 23871, Time: 00:50:57

Health: -12/129    AC: 21    Str: 29      XL:     14   Next: 60%
Magic:  0/32       EV:  8    Int: 10 (11) God:    Okawaru [******]
Gold:   1416       SH: 15    Dex: 12      Spells: 13/13 levels left

rFire    + + .     SeeInvis .   U - +2 double sword (holy)
rCold    . . .     Gourm    .   b - +2 shield
rNeg     . . .     Faith    .   V - +1 crystal plate armour of Okawaru's Displeasure {rF+ Int+3 Stlth+}
rPois    +         Spirit   +   n - +0 helmet
rElec    .         Reflect  .   N - scarf of Bad Feelings {rPois Str+5}
rCorr    .         Harm     .   h - +0 pair of gloves
MR       +....                  C - +2 pair of boots of the Stallion {MP+9}
Stlth    ..........             t - amulet of Acukhlem {Spirit Dex+2}
Regen    0.4/turn               l - ring of protection from fire
MPRegen  0.3/turn               P - ring of magical power

@: drained
A: deformed body, deterioration 1, wild magic 1
a: Heroism, Finesse, Renounce Religion


You were on level 1 of the Orcish Mines.
You worshipped Okawaru.
Okawaru was exalted by your worship.
You were not hungry.

You visited 3 branches of the dungeon, and saw 19 of its levels.
You also visited: Ossuary.

You collected 1632 gold pieces.
You spent 216 gold pieces at shops.

Inventory:

Hand Weapons
 U - a +2 double sword of holy wrath (weapon)
Missiles
 r - 2 throwing nets (quivered)
Armour
 b - a +2 shield (worn)
 h - a +0 pair of gloves (worn)
 n - a +0 helmet (worn)
 v - a +2 cloak
 C - the +2 pair of boots of the Stallion (worn) {MP+9}
   (You found it on level 10 of the Dungeon)

   It affects your magic capacity (+9).
 N - the scarf of Bad Feelings (worn) {rPois Str+5}
   (Okawaru gifted it to you on level 1 of the Lair of Beasts)

   It affects your strength (+5).
   It protects you from poison.
 V - the +1 crystal plate armour of Okawaru's Displeasure (worn) {rF+ Int+3 Stlth+}
   (Okawaru gifted it to you on level 6 of the Lair of Beasts)

   It affects your intelligence (+3).
   It protects you from fire.
   It makes you more stealthy.
Jewellery
 d - an uncursed ring of fire {unknown}
 l - a ring of protection from fire (left hand)
 t - the amulet of Acukhlem (around neck) {Spirit Dex+2}
   (You found it on level 4 of the Dungeon)

   [amulet of guardian spirit]

   It causes incoming damage to be split between your health and magic.
   It affects your dexterity (+2).
 A - an uncursed ring of protection from cold
 P - a ring of magical power (right hand)
Wands
 q - a wand of clouds (0/9)
 L - a wand of flame (25/48)
 M - a wand of confusion (17/48)
 Q - a wand of iceblast (4/15)
 T - a wand of flame (30/48)
Scrolls
 a - a scroll of blinking
 e - 4 scrolls of recharging
 j - 2 scrolls of teleportation
 k - 7 scrolls of remove curse
 o - 12 scrolls of identify
 w - 5 scrolls of magic mapping
 y - a scroll of brand weapon
 B - 2 scrolls of amnesia
 F - a scroll of holy word
 G - a scroll of summoning {unknown}
 H - 2 scrolls of fear
 I - 2 scrolls of fog {unknown}
 S - a scroll of enchant weapon
Potions
 c - 2 potions of brilliance
 p - 2 potions of resistance
 x - a potion of ambrosia
 z - 2 potions of haste
 D - 7 potions of flight
 E - 2 potions of cancellation
 J - a potion of invisibility {unknown}
 K - a potion of might
 O - a potion of magic {unknown}
 R - 2 potions of berserk rage {unknown}
 W - a potion of agility
Books
 s - a book of Minor Magic

   Spells                             Type                      Level
   a - Magic Dart                     Conjuration                  1
   b - Blink                          Translocation                2
   c - Call Imp                       Summoning                    2
   d - Slow                           Hexes                        2
   e - Conjure Flame                  Conjuration/Fire             3
   f - Mephitic Cloud                 Conjuration/Poison/Air       3
Comestibles
 f - 8 bread rations
 g - 4 meat rations
 i - 17 royal jellies
 m - 3 fruits


   Skills:
 + Level 13.4(13.0) Fighting
 - Level 16.1(15.7) Long Blades
 + Level 10.8(10.5) Armour
 + Level 9.0(8.6) Dodging
 * Level 10.3(9.9) Shields


You had 13 spell levels left.
You didn't know any spells.

Dungeon Overview and Level Annotations

Branches:
Dungeon (11/15)            Temple (0/1) D:7            Lair (6/6) D:10
 Shoals (0/4) Lair:3        Snake (0/4) Lair:4        Slime (0/5) Lair:6
    Orc (2/2) D:11
    Elf: Orc:2

Altars:
Dithmenos
Elyvilon
Hepliaklqana
Kikubaaqudgha
Makhleb
Okawaru
Trog
Vehumet
Xom
Yredelemnul
Zin
The Shining One

Shops:
D:9 *


Innate Abilities, Weirdness & Mutations

Armour fits poorly on your strangely shaped body.
Your body sometimes deteriorates upon taking damage.
Your spells are a little harder to cast, but a little more powerful.


Message History

You block the orc's attack.
You barely miss the orc warrior.
The orc warrior hits you but does no damage.
The orc warrior hits you with a trident!
* * * LOW HITPOINT WARNING * * *
You feel better. The orc warrior closely misses you.
You block the orc's attack. You block the orc warrior's attack.
The orc warrior hits you with a glaive.
* * * LOW HITPOINT WARNING * * *
You slice the orc warrior!!
You kill the orc warrior!
Okawaru accepts your kill.
You feel your dexterity returning. You block the orc warrior's attack.
The orc hits you but does no damage. The orc warrior closely misses you.
You closely miss the orc warrior. You block the orc warrior's attack.
The orc closely misses you.
Your crystal plate armour of Okawaru's Displeasure prevents you from hitting the orc warrior.
The orc warrior hits you with a trident!!
You die...

#..##......#...)........##
#...##.##...[............##
....##.##.....##..........####
#.......#..............#.#.#.##
.............[................#
#...........#..............#.##
#.....#.....#.............####
##.####.........)o.........#
### ##.#......@).....#..##
#####...[oo.#....###
##.##...........#
#...#......#...##
#...............####
#...........[[[.##.##
#...#.#.#...[[).....#
##.#...#....[<#.##.##
#...#.#.....[.)#####


You could see 2 orc warriors and an orc.

Vanquished Creatures
  Gastronok (Lair:3)
  Snorg (D:11)
  Fannar (D:10)
  2 hydras
  Harold (D:10)
  An ice dragon (Lair:6)
  A catoblepas (Lair:5)
  2 two-headed ogres
  A skeletal warrior (D:10)
  An unseen horror (D:10)
  2 lindwurms
  An orc knight (Orc:1)
  An orc sorcerer (Orc:1)
  2 manticores
  14 elephants
  Joseph (D:10)
  11 spiny frogs
  A gargoyle (D:11)
  5 black mambas
  A centaur skeleton (D:11)
  6 torpor snails
  A rime drake (Lair:3)
  8 komodo dragons
  3 trolls
  A queen bee (Lair:2)
  8 hornets
  7 blink frogs
  4 tyrant leeches (Lair:6)
  2 polar bears
  19 hippogriffs
  6 dream sheep (Lair:6)
  A meliai zombie (D:11)
  A spriggan (D:7)
  10 wyverns
  Grum (D:10)
  A wraith (Ossuary)
  22 yaks
  4 basilisks (Lair:6)
  A hungry ghost (D:7)
  13 water moccasins
  Duvessa (D:4)
  12 porcupines
  A black bear (Lair:4)
  2 ice beasts
  9 orc warriors
  A phantom (D:4)
  A necrophage (D:11)
  8 wolves
  2 ogres
  2 centaurs
  8 crocodiles
  18 bullfrogs
  3 big kobolds
  Dowan (D:4)
  A water moccasin skeleton (D:10)
  A scorpion (D:6)
  26 killer bees
  11 wights
  4 electric eels (D:10)
  6 howler monkeys
  17 jellies
  A bullfrog zombie (D:10)
  3 crimson imps
  2 centaur zombies
  2 quasits
  7 orc priests
  11 hounds
  2 bullfrog skeletons
  Jessica (D:3)
  Natasha (thrice) (D:4)
  4 iguanas
  4 orc wizards
  8 worker ants
  A mummy (Ossuary)
  A worker ant zombie (D:7)
  9 gnolls
  14 adders
  2 shadow imps (D:5)
  An ooze (Lair:6)
  An adder skeleton (D:9)
  3 worms
  9 leopard geckos
  28 orcs
  12 bats
  6 giant cockroaches
  7 goblins
  14 hobgoblins
  8 jackals
  3 quokkas
  A ball python (D:3)
  2 frilled lizards (D:1)
  9 gnoll skeletons (Ossuary)
  26 kobolds
  5 kobold skeletons (Ossuary)
  A leopard gecko skeleton (D:8)
  11 orc skeletons (Ossuary)
  2 quokka skeletons
  5 rats
534 creatures vanquished.

Vanquished Creatures (others)
  A sky beast (D:5)
  An iguana (D:5)
  An orc wizard (Orc:1)
  A quokka (D:9)
  4 fungi
  18 plants
26 creatures vanquished.

Grand Total: 560 creatures vanquished

Notes
Turn   | Place    | Note
-------+----------+-------------------------------------------
     0 | D:1      | Minorbread the Hill Orc Fighter began the quest for the Orb.
     0 | D:1      | Reached XP level 1. HP: 19/19 MP: 1/1
     1 | D:1      | Noticed an electric eel
    59 | D:1      | Reached XP level 2. HP: 27/27 MP: 2/2
   111 | D:1      | Reached skill level 3 in Long Blades
   445 | D:1      | Reached XP level 3. HP: 25/33 MP: 3/3
   833 | D:2      | Found a bloodstained altar of Trog.
   970 | D:2      | Reached skill level 4 in Long Blades
   975 | D:2      | Found a glowing golden altar of the Shining One.
  1516 | D:2      | Reached XP level 4. HP: 40/40 MP: 4/4
  1576 | D:2      | Found a hazy altar of Hepliaklqana.
  1822 | D:3      | Noticed Jessica
  1828 | D:3      | Killed Jessica
  2293 | D:3      | Reached skill level 5 in Long Blades
  2293 | D:3      | Reached XP level 5. HP: 47/47 MP: 5/5
  2928 | D:4      | Got a wavering crystal amulet
  3012 | D:4      | Reached skill level 5 in Fighting
  3012 | D:4      | Reached XP level 6. HP: 29/56 MP: 6/6
  3020 | D:4      | Reached skill level 6 in Long Blades
  3438 | D:4      | Noticed a phantom
  3473 | D:4      | Killed a phantom
  3606 | D:4      | Noticed Natasha
  3613 | D:4      | Killed Natasha
  3737 | D:4      | Noticed Natasha
  4055 | D:4      | Noticed Duvessa
  4055 | D:4      | Noticed Dowan
  4122 | D:4      | Killed Natasha
  4122 | D:4      | Reached XP level 7. HP: 53/62 MP: 7/7
  4396 | D:4      | Killed Duvessa
  4396 | D:4      | Reached skill level 7 in Long Blades
  4411 | D:4      | Killed Dowan
  4423 | D:4      | Noticed Natasha
  4432 | D:4      | Killed Natasha
  4432 | D:4      | Reached skill level 1 in Dodging
  4958 | D:5      | Entered Level 5 of the Dungeon
  5395 | D:5      | Found an iron altar of Okawaru.
  5464 | D:5      | Reached XP level 8. HP: 58/71 MP: 8/8
  5468 | D:5      | Reached skill level 8 in Long Blades
  5931 | D:6      | Identified the amulet of Acukhlem {Spirit Dex+2} (You found it on level 4 of the Dungeon)
  6115 | D:5      | Became a worshipper of Warmaster Okawaru
  6630 | D:7      | Found a radiant altar of Vehumet.
  6723 | D:7      | Found a staircase to the Ecumenical Temple.
  6725 | D:7      | Noticed a hippogriff
  6754 | D:7      | Killed a hippogriff
  6754 | D:7      | Reached skill level 9 in Long Blades
  6767 | D:7      | Reached * piety under Okawaru
  6986 | D:7      | Found a sand-covered staircase.
  6993 | Ossuary  | Entered an ossuary
  6993 | Ossuary  | Noticed a wraith
  6993 | Ossuary  | Noticed a wraith
  6993 | Ossuary  | Noticed a wraith
  7120 | Ossuary  | Noticed a wraith
  7160 | Ossuary  | Gained mutation: Armour fits poorly on your strangely shaped body. [potion of mutation]
  7160 | Ossuary  | Gained mutation: Your body sometimes deteriorates upon taking damage. [potion of mutation]
  7160 | Ossuary  | Gained mutation: Your spells are a little harder to cast, but a little more powerful. [potion of mutation]
  7167 | Ossuary  | Killed a wraith
  7167 | Ossuary  | Reached XP level 9. HP: 23/79 MP: 6/9
  7409 | D:7      | Found an iron altar of Okawaru.
  7914 | D:7      | Reached ** piety under Okawaru
  7914 | D:7      | Reached skill level 10 in Long Blades
  7914 | D:7      | Reached skill level 5 in Shields
  7928 | D:7      | Found a basalt altar of Yredelemnul.
  8215 | D:8      | Found a shadowy altar of Dithmenos.
  8321 | D:8      | Noticed a two-headed ogre
  8333 | D:8      | Killed a two-headed ogre
  8333 | D:8      | Reached XP level 10. HP: 35/90 MP: 2/10
  8811 | D:9      | Found a white marble altar of Elyvilon.
  8858 | D:9      | Reached skill level 11 in Long Blades
  9052 | D:9      | Noticed an angel
  9081 | D:9      | Found a glowing silver altar of Zin.
  9082 | D:9      | Found a shimmering altar of Xom.
  9170 | D:9      | Found an ancient bone altar of Kikubaaqudgha.
  9250 | D:9      | Found a burning altar of Makhleb.
  9402 | D:9      | Found Emopp's Assorted Antiques.
  9420 | D:9      | Bought a scroll of identify for 72 gold pieces
  9420 | D:9      | Bought a scroll of identify for 72 gold pieces
  9420 | D:9      | Bought a scroll of identify for 72 gold pieces
  9525 | D:10     | Entered Level 10 of the Dungeon
  9620 | D:10     | Noticed Fannar
  9664 | D:9      | Reached *** piety under Okawaru
  9849 | D:10     | Noticed Joseph
  9865 | D:10     | Noticed Harold
  9867 | D:10     | Killed Joseph
  9875 | D:10     | Killed Harold
  9875 | D:10     | Reached skill level 5 in Dodging
 10009 | D:10     | Noticed Grum
 10023 | D:10     | Killed Grum
 10027 | D:10     | Reached **** piety under Okawaru
 10061 | D:10     | Killed an unseen horror
 10288 | D:10     | Reached XP level 11. HP: 92/99 MP: 11/11
 10293 | D:10     | Found a staircase to the Lair.
 10295 | D:10     | Noticed a skeletal warrior
 10321 | D:10     | Reached skill level 12 in Long Blades
 10321 | D:10     | Reached skill level 5 in Armour
 10338 | D:10     | Killed a skeletal warrior
 10697 | D:10     | HP: 2/99 [Fannar/Ozocubu's Refrigeration (7)]
 10704 | D:10     | Killed Fannar
 10704 | D:10     | Reached skill level 10 in Fighting
 11662 | D:10     | Got a pair of dazzling boots
 11673 | D:10     | Identified the +2 pair of boots of the Stallion {MP+9} (You found it on level 10 of the Dungeon)
 11914 | D:10     | Reached ***** piety under Okawaru
 12081 | D:11     | Found a staircase to the Orcish Mines.
 12265 | D:11     | Found an ancient bone altar of Kikubaaqudgha.
 12340 | D:11     | Noticed Snorg
 12601 | Lair:1   | Entered Level 1 of the Lair of Beasts
 12866 | Lair:1   | Noticed a five-headed hydra
 12868 | Lair:1   | Received a gift from Okawaru
 12876 | Lair:1   | Killed a five-headed hydra
 13027 | Lair:1   | Reached skill level 13 in Long Blades
 13984 | Lair:1   | Reached XP level 12. HP: 93/108 MP: 12/12
 14269 | Lair:1   | Received a gift from Okawaru
 14270 | Lair:1   | Got a jewelled scarf {god gift}
 14281 | Lair:1   | Identified the scarf of Bad Feelings {rPois Str+5} (Okawaru gifted it to you on level 1 of the Lair of Beasts)
 15350 | Lair:3   | Found a staircase to the Shoals.
 15440 | Lair:2   | Reached skill level 14 in Long Blades
 16525 | Lair:3   | You fall through a shaft for 2 floors!
 16564 | Lair:5   | Noticed a catoblepas
 16581 | Lair:5   | Killed a catoblepas
 17018 | Lair:3   | Noticed Gastronok
 17028 | Lair:3   | Reached ****** piety under Okawaru
 17032 | Lair:3   | Killed Gastronok
 17032 | Lair:3   | Received a gift from Okawaru
 17032 | Lair:3   | Reached XP level 13. HP: 61/118 MP: 13/13
 17640 | Lair:4   | Reached skill level 15 in Long Blades
 17652 | Lair:4   | Found a staircase to the Snake Pit.
 17983 | Lair:5   | Received a gift from Okawaru
 18536 | Lair:5   | You fall through a shaft!
 18536 | Lair:6   | Entered Level 6 of the Lair of Beasts
 18552 | Lair:6   | Found a staircase to the Slime Pits.
 20434 | Lair:6   | Received a gift from Okawaru
 20457 | Lair:6   | Got an ichor-stained long sword {god gift}
 20776 | Lair:6   | Identified the +2 long sword of the Crushed Stars {freeze, +Inv rElec rPois MP+9} (Okawaru gifted it to you on level 6 of the Lair of Beasts)
 20817 | Lair:6   | Reached skill level 10 in Armour
 20842 | Lair:6   | Found a runed door.
 20911 | Lair:5   | Reached XP level 14. HP: 22/127 MP: 11/14
 21389 | Lair:4   | Reached skill level 16 in Long Blades
 22446 | Lair:6   | Received a gift from Okawaru
 22447 | Lair:6   | Got a spiked crystal plate armour {god gift}
 22458 | Lair:6   | Identified the +1 crystal plate armour of Okawaru's Displeasure {rF+ Int+3 Stlth+} (Okawaru gifted it to you on level 6 of the Lair of Beasts)
 22725 | D:11     | Killed Snorg
 22800 | D:11     | Reached skill level 10 in Shields
 23088 | Orc:1    | Entered Level 1 of the Orcish Mines
 23185 | Orc:1    | Paralysed by an orc sorcerer for 5 turns
 23192 | Orc:1    | HP: 2/129 [orc sorcerer/bolt of negative energy[an orc knight] (27)]
 23732 | Orc:2    | Entered Level 2 of the Orcish Mines
 23751 | Orc:2    | Noticed an orc warlord
 23867 | Orc:1    | HP: 1/129 [orc warrior/trident[an orc warlord] (12)]
 23871 | Orc:1    | Mangled by an orc warrior

Skill      XL: |  1  2  3  4  5  6  7  8  9 10 11 12 13 14 |
---------------+-------------------------------------------+-----
Long Blades    | 3 4 5 6 7 9 10 11 13 14 15 16 | 16.1
Fighting       | 4 5 6 7 8 9 10 12 13 | 13.4
Dodging        | 1 3 4 5 6 7 8 9 |  9.0
Shields        | 4 6 7 8 9 10 | 10.3
Armour         | 4 6 8 10 | 10.8

Action                   |  1- 3 |  4- 6 |  7- 9 | 10-12 | 13-15 || total
-------------------------+-------+-------+-------+-------+-------++-------
Melee: Long sword        |   114 |   236 |   509 |    58 |       ||   917
       Scimitar          |       |       |       |   277 |       ||   277
       Great sword       |       |       |       |   330 |    89 ||   419
       Double sword      |       |       |       |       |   607 ||   607
Invok: Heroism           |       |       |     1 |     3 |     4 ||     8
       Finesse           |       |       |       |       |     1 ||     1
Evoke: Wand              |       |       |       |     1 |     5 ||     6
  Use: Potion            |       |       |     8 |     9 |     4 ||    21
       Scroll            |       |       |     5 |    15 |     3 ||    23
  Eat: Chunk             |     2 |     8 |    12 |    22 |     9 ||    53
       Bread ration      |       |       |     2 |     1 |     3 ||     6
       Fruit             |       |       |       |       |     1 ||     1
Armor: Scale mail        |    62 |    89 |   235 |   178 |       ||   564
       Skin              |       |       |     1 |       |       ||     1
       Plate armour      |       |       |       |   184 |   302 ||   486
       Crystal plate arm |       |       |       |       |   120 ||   120
Dodge: Dodged            |    41 |    61 |   178 |   442 |   274 ||   996
Block: Shield            |    65 |    99 |   249 |   168 |   504 ||  1085
       Rpst.: Long sword |    15 |    19 |    44 |     4 |       ||    82
       Scimitar          |       |       |       |    10 |       ||    10
       Great sword       |       |       |       |   100 |     9 ||   109
       Double sword      |       |       |       |       |    43 ||    43
